AoeStats
← rooniet

Arena

510615593Analyzed
1v1 RM · 22h ago on Oct 1, 2026· 41m 8s· 2 players
Game mode
Random Map
Map size
Tiny (2 player)
Population
200
Speed
Normal
Resources
Standard
Victory
Conquest
Starting age
Dark Age
Ending age
Imperial Age
RankedLock teamsTeams togetherTeam positionsShared explorationLock speedFull tech treeHidden civsTurbo modeCheats
Victory
Defeat
🇲🇽 Byzantines · Mexico
746
+15
🇩🇪 Franks · Germany
722
-15
chrisdachris95
13:06 Feudal Age
14:18 Double-Bit Axe
17:01 Castle Age
19:20 Wheelbarrow
18:19 Pikeman
20:02 Bow Saw
22:03 Stone Mining
23:05 Squires
24:01 Scale Mail Armor
26:55 Hand Cart
35:09 Imperial Age
33:29 Man-at-Arms
34:36 Long Swordsman
35:23 Two-Handed Swordsman
40:06 Cavalier
rooniet
3:33 Loom
10:36 Feudal Age
11:05 Double-Bit Axe
11:01 Horse Collar
21:04 Castle Age
20:05 Forging
20:03 Scale Barding Armor
22:12 Bow Saw
22:03 Heavy Plow
22:34 Squires
23:11 Scale Mail Armor
24:56 Iron Casting
24:36 Chain Mail Armor
24:56 Ballistics
25:58 Wheelbarrow
25:55 Fletching
26:55 Chain Barding Armor
28:15 Hand Cart
28:44 Elite Skirmisher
29:45 Murder Holes
29:51 Bodkin Arrow
31:04 Treadmill Crane
32:01 Padded Archer Armor
32:03 Gold Mining
35:26 Imperial Age
34:34 Pikeman
36:35 Fortified Wall
38:26 Chemistry
41:20 Logistica
Connection lost

Rejoining the realm…

Still unreachable

The connection could not be restored.

Session expired

The server has moved on; the page needs a fresh start.